 Dungeon Crawl Stone Soup version 0.28-a0-1518-gbe868bca14 (webtiles) character file.

Game seed: 9548173079682499785

125 Essalna the Sneak (level 5, -3/36 HPs)
             Began as a Djinni Delver on Jan 17, 2022.
             Was a Follower of Hepliaklqana.
             Killed by divine providence
             ... invoked by an orc priest
              (12 damage)
             ... on level 4 of the Dungeon.
             The game lasted 00:05:05 (3082 turns).

Essalna the Sneak (Djinni Delver)                   Turns: 3082, Time: 00:05:06

Health: -3/36      AC:  3    Str: 11    XL:     5   Next: 30%
Gold:   119        EV: 12    Int: 13    God:    Hepliaklqana [*.....] SH:  0 Dex: 15

rFire   + + .      SeeInvis .   a - +0 falchion
rCold   x . .      Faith    .   (no shield)
rNeg    . . .      Spirit   .   b - +0 leather armour
rPois   ∞          Reflect  .   (no helmet)
rElec   .          Harm     .   (no cloak)
rCorr   .          Rampage  .   (no gloves)
Will    .....                   (boots unavailable)
Stlth   ++........              (no amulet)
HPRegen 0.12/turn               (no ring)
MPRegen 0.00/turn               (no ring)

@: flying, very slightly contaminated
A: reduced essence, sickness immunity, fire resistance 2, cold vulnerability 1,
float, innate caster, hp casting, extra vitality 1
a: Renounce Religion, Recall Ancestor, Ancestor Identity


You were on level 4 of the Dungeon.
You worshipped Hepliaklqana.
Hepliaklqana was aware of your devotion.
You visited 2 branches of the dungeon, and saw 6 of its levels.

You collected 119 gold pieces.

Inventory:

Hand Weapons
 a - a +0 falchion (weapon)
Armour
 b - a +0 leather armour (worn)
Wands
 g - a wand of digging (3)
 r - a wand of flame (16)
Scrolls
 c - a scroll of fog
 d - 3 scrolls of magic mapping
 e - a scroll of fear
 j - 2 scrolls of vulnerability {unknown}
 l - 2 scrolls of enchant weapon {unknown}
 p - 2 scrolls of identify {unknown}
Potions
 f - a potion of haste
 h - 2 potions of degeneration {unknown}
 i - 3 potions of curing {unknown}
 k - a potion of flight {unknown}
 m - a potion of might {unknown}
 n - a potion of lignification {unknown}
 o - a potion of brilliance {unknown}
 q - a potion of attraction {unknown}


   Skills:
 - Level 3.0 Fighting
 - Level 1.7 Long Blades
 - Level 2.1 Dodging
 - Level 4.1 Stealth
 + Level 3.4 Spellcasting


You had 7 spell levels left.
You knew the following spells:

 Your Spells              Type           Power      Damage    Failure   Level
a - Sting                 Tmut/Pois      44%        1d5       7%          1
b - Blink                 Tloc           22%        N/A       11%         2
Your spell library was empty.

Dungeon Overview and Level Annotations

Branches:
Dungeon (5/15)             Temple (1/1) D:4

Altars:
Ashenzari
Dithmenos
Fedhas
Gozag
Hepliaklqana
Kikubaaqudgha
Makhleb
Okawaru
Qazlal
Ru
Sif Muna
Uskayaw
Wu Jian
Xom
Yredelemnul
The Shining One

Shops:
D:3 [


Innate Abilities, Weirdness & Mutations

Your life essence is reduced to manifest your ancestor. (-10% HP)
You are immune to sickness and miasma.
You are immune to poison.
Your flesh is very heat resistant. (rF++)
You are vulnerable to cold. (rC-)
You float through the air rather than walking.
You learn spells naturally, not from books.
Your magical power is your life essence.
You have superior vitality. (+4 MHP)


Message History

The sting hits the orc priest.
The orc priest looks even sicker.
The orc priest is moderately wounded.
The orc priest closely misses you.
Casting: Sting (safe; 7% risk of failure)
Confirm with . or Enter, or press ? or * to list all spells.
Aiming: Sting (safe; 7% risk of failure)
Press: ? - help, Shift-Dir - straight line, f/p - orc priest
Aim: an orc priest, wielding a +0 flail and wearing a +0 ring mail (heavily wounded, very poisoned, 75% to hit)
You miscast Sting.
You are very lightly contaminated with residual magic.
Nothing appears to happen.
The orc priest misses you.
Casting: Sting (safe; 7% risk of failure)
Confirm with . or Enter, or press ? or * to list all spells.
Aiming: Sting (safe; 7% risk of failure)
Press: ? - help, Shift-Dir - straight line, f/p - orc priest
Aim: an orc priest, wielding a +0 flail and wearing a +0 ring mail (heavily wounded, very poisoned, 75% to hit)
The sting misses the orc priest.
The orc priest hits you with a +0 flail.
Casting: Sting (safe; 7% risk of failure)
Confirm with . or Enter, or press ? or * to list all spells.
Aiming: Sting (safe; 7% risk of failure)
Press: ? - help, Shift-Dir - straight line, f/p - orc priest
Aim: an orc priest, wielding a +0 flail and wearing a +0 ring mail (heavily wounded, very poisoned, 75% to hit)
The sting hits the orc priest.
The orc priest looks even sicker.
The orc priest is severely wounded.
The orc priest mumbles some strange prayers to Beogh against you.
Beogh smites you!
* * * LOW HITPOINT WARNING * * *
Casting: Sting (safe; 7% risk of failure)
Confirm with . or Enter, or press ? or * to list all spells.
Aiming: Sting (safe; 7% risk of failure)
Press: ? - help, Shift-Dir - straight line, f/p - orc priest
Aim: an orc priest, wielding a +0 flail and wearing a +0 ring mail (severely wounded, very poisoned, 75% to hit)
The sting hits the orc priest but does no damage.
The orc priest looks as sick as possible!
The orc priest is severely wounded.
* * * LOW HITPOINT WARNING * * *
The orc priest mumbles some strange prayers to Beogh against you.
Beogh smites you!
You die...

### #@# .
#o## #.#
##.###..##
####........
#...........
#...........
#............
#...o.$......
#............


You could see an orc priest (extremely poisoned).

Vanquished Creatures
  Jessica (D:2)
  4 adders
  3 dart slugs
  2 ball pythons (D:2)
  3 endoplasms (D:1)
  4 giant cockroaches (D:1)
  8 goblins
  2 hobgoblins
  6 jackals
  5 kobolds
  A quokka (D:3)
  2 bats (D:2)
  6 frilled lizards
  A rat (D:1)
48 creatures vanquished.

Vanquished Creatures (collateral kills)
  A worm (D:2)
  A bat (D:2)
  An endoplasm (D:2)
  A frilled lizard (D:2)
4 creatures vanquished.

Grand Total: 52 creatures vanquished

Notes
Turn   | Place    | Note
-------+----------+-------------------------------------------
     0 | D:5      | Essalna the Djinni Delver began the quest for the Orb.
     0 | D:5      | Reached XP level 1. HP: 20/20 MP: 0/0
     6 | D:4      | Found a staircase to the Ecumenical Temple.
    13 | Temple   | Entered the Ecumenical Temple
    21 | Temple   | Became a worshipper of Hepliaklqana the Forgotten
   756 | D:1      | Found a faded altar of an unknown god.
   827 | D:1      | Reached skill level 1 in Spellcasting
   827 | D:1      | Reached XP level 2. HP: 25/25 MP: 0/0
  1345 | D:1      | Reached XP level 3. HP: 23/30 MP: 0/0
  1345 | D:1      | Learned a level 1 spell: Sting
  1785 | D:2      | Reached * piety under Hepliaklqana
  1952 | D:2      | Noticed Jessica
  1957 | D:2      | Killed Jessica
  1958 | D:2      | Reached XP level 4. HP: 21/31 MP: 0/0
  2843 | D:3      | Reached XP level 5. HP: 33/36 MP: 0/0
  2843 | D:3      | Learned a level 2 spell: Blink
  2888 | D:3      | Found Seriofua's Armour Shoppe.
  3068 | D:3      | You are sucked into a shaft and drop 1 floor!
  3082 | D:4      | Killed from afar by an orc priest

Illustrated notes

Levels and vault maps discovered:
D:1:      nagdon_arrival_double_spiral, layout_loops_corners,
          nicolae_ecumenical_lake_church, hangedman_decor_diamond_cutter,
          minmay_statues_item, minmay_worlds_worst_comb
D:2:      layout_loops_cross, grunt_ministairs_15, minmay_heptomino_o4,
          uniq_jessica
D:3:      layout_rooms, serial_shops, shop_statue, uniq_crazy_yiuf_cottage
D:4:      layout_layer_cave, elyvilon_altar_3, minmay_temple_entry_offerings
D:5:      layout_cave_pools, st_stairs_5, chequers_serial_rivers_small_a,
          chequers_avenue
Temple:   dpeg_three_leaves_temple

Skill      XL: |  1  2  3  4 |
---------------+-------------+-----
Spellcasting   | 1 2 3 |  3.4
Fighting       | |  3.0
Long Blades    | |  1.7
Dodging        | |  2.1
Stealth        | |  4.1

Action                   |  1- 3 |  4- 6 || total
-------------------------+-------+-------++-------
Melee: Falchion          |    60 |     7 ||    67
 Cast: Sting             |    27 |    43 ||    70
 Stab: Sleeping          |     5 |     1 ||     6
Armor: Leather armour    |    15 |     9 ||    24
Dodge: Dodged            |    52 |    17 ||    69

Table legend: (Time is in decaauts)
 A = Elapsed time spent in this place.
 B = Non-inter-level travel time spent in this place.
 C = Inter-level travel time spent in this place.
 D = Time resting spent in this place.
 E = Time spent auto-exploring this place.
 F = Levels seen in this place.
 G = Mean time per level.
                   A        B        C        D        E       F      G
               +--------+--------+--------+--------+--------+-----+--------+
         Total |   3096 |   3026 |     70 |      0 |   2638 |   6 |  516.0 |
       Dungeon |   3080 |   3024 |     56 |      0 |   2638 |   5 |  616.0 |
        Temple |     16 |      2 |     14 |      0 |      0 |   1 |   16.0 |
               +--------+--------+--------+--------+--------+-----+--------+

Top non-repeatable levels by time:
     D:1: 1321 daAuts
     D:2: 1248 daAuts
     D:3: 370 daAuts
     D:4: 133 daAuts
  Temple: 16 daAuts
     D:5: 6 daAuts
